[Event "*** Titled Tuesday Blitz"]
[Site "Chess.com"]
[Date "2020.12.01"]
[Round "7"]
[White "ShahMatKanal"]
[Black "ObidObad"]
[Result "0-1"]
[WhiteElo "2472"]
[BlackElo "2308"]
[TimeControl "180+1"]
[EndTime "11:18:04 PST"]
[Termination "ObidObad won by resignation"]

1. e4 Nc6 2. Nf3 d6 3. Nc3 e5 4.
Bb5 Bd7 5. O-O Nf6 6. d4 Nxd4 7. Bxd7+ Qxd7 8. Nxd4 exd4 9. Qxd4 Be7 10. Bf4 O-O 11.
Rad1 Qe6 12. Rfe1 Rfe8 13. a4 a6 14. a5 Bf8 15. h3 g6 16. Nd5 Nxd5 17. Qxd5 Qxd5 18.
Rxd5 Bg7 19. c3 f5 20. f3 fxe4 21. fxe4 Re6 22. Kf2 Rae8 23. Kf3 Rf8 24. Kg3 Rfe8 25. Kf3 Rf8 26. Ke3 h6 27. h4 Kh7 28. g3 Rfe8 29.
Kd3 Be5 30. Bxe5 Rxe5 31. Rxe5 Rxe5 32. Rf1 Kg7 33. b4 b6 34. axb6 cxb6 35. Kd4 a5 36.
bxa5 bxa5 37. c4 a4 38. Ra1 Ra5 39. Kc3 a3 40. Kb4 Re5 41. Rxa3 Rxe4 42. Rd3 Re6 43.
Kb5 Re5+ 44. Kb6 Rc5 45. Rd4 Kf7 46. Rxd6 Rxc4 47. Rd3 Kf6 48. Kb5 Rc8 49. Rf3+ Ke5 50. Kb4 Rc1 51. Kb3 Rc6 52. Kb4 Ke4 53. Rf8 Ke5 54.
Kb5 Rc3 55. Re8+ Kf5 56. Rf8+ Kg4 57. Rg8 g5 58. hxg5 hxg5 59. Rg7 Rxg3 60. Kc4 Re3 61. Kd4 Re8 62. Kd3 Kf4 63. Rf7+ Kg3 64. Kd2 g4 65. Rg7 Kf3 66. Rf7+ Kg2 67. Rg7 g3 68. Kd1 Kf2 69. Rf7+ Kg1 70. Rg7 g2 71. Kd2 Re5 72.
Kd3 Kf2 73. Kd4 Rf5 74. Ke4 Rf8 75. Kd3 g1=Q 76. Rxg1 Kxg1 77. Ke4 Kg2 78. Ke5 Rf3 79. Ke6 Kg3 80. Ke5 Kg4 81. Ke4 Rf4+ 0-1

[Event "*** Titled Tuesday Blitz"]
[Site "Chess.com"]
[Date "2020.12.01"]
[Round "7"]
[White "Nemsko"]
[Black "WPWPWP-2015"]
[Result "1-0"]
[WhiteElo "2390"]
[BlackElo "2479"]
[TimeControl "180+1"]
[EndTime "11:18:05 PST"]
[Termination "Nemsko won by checkmate"]

1. e4 e5 2. Nf3 Nf6 3. Nxe5 d6 4. Nc4 Nxe4 5. Nc3 Nf6 6. d4 Be7 7. Bd3 O-O 8. Be3 Nc6 9. Qd2 Ng4 10. O-O-O Nxe3 11. fxe3 Bg5 12. Kb1 Nxd4 13. Bxh7+ Kxh7 14. Qxd4 Re8 15. h4 Bh6 16. g4 b5 17. Nxb5 Rb8 18.
Nc3 c5 19. Qd3+ g6 20. g5 Bg7 21. h5 Kg8 22. hxg6 f5 23. gxf6 Qxf6 24. Nd5 Qe6 25. b3 Bb7 26. Rh5 Bxd5 27. Qxd5 Qxd5 28.
Rhxd5 Re6 29. Rxd6 Rbe8 30. Rxe6 Rxe6 31. Rd8+ Bf8 32.
Rd7 Rxg6 33. Rxa7 Rg1+ 34. Kb2 Bg7+ 35. Ka3 Bc3 36. Ra8+ Kg7 37. Rc8 Bb4+ 38. Ka4 Ra1 39. a3 Kf7 40. Ra8 Ke6 41. Kb5 Bc3 42. Kxc5 Rg1 43.
Ra6+ Ke7 44. Ra7+ Ke6 45. a4 Kf6 46. Ra6+ Kf5 47. Rd6 Ke4 48. Re6+ Kf5 49. Re8 Kf6 50. a5 Rg5+ 51. Kb6 Bb4 52. a6 Bc5+ 53. Kb7 Rg7+ 54.
Kb8 Rd7 55. Rc8 Ba7+ 56. Ka8 Ke6 57. Na5 Bb6 58. Nc6 Kd6 59. a7 Rf7 60. Kb8 Bxa7+ 61.
Nxa7 Re7 62. Rc6+ Kd5 63. c4+ Ke4 64. Rc7 Re8+ 65. Kb7 Re6 66. c5 Kxe3 67. Nc6 Rf6 68. Re7+ Kd3 69. b4 Kc4 70. Re4+ Kb5 71. Na7+ Ka4 72.
b5+ Ka5 73. c6 Rf7+ 74. Kb8 Rf8+ 75. Nc8 Kxb5 76. c7 Kc6 77. Rc4+ Kd7 78. Kb7 Rxc8 79. Rd4+ Ke6 80. Kxc8 Ke5 81. Rd1 Ke4 82. Kb7 Ke3 83.
c8=Q Ke2 84. Qd7 Ke3 85. Rd6 Ke4 86. Re6+ Kf4 87. Qf7+ Kg5 88. Rg6+ Kh4 89. Qh7# 1-0

[Event "*** Titled Tuesday Blitz"]
[Site "Chess.com"]
[Date "2020.12.01"]
[Round "7"]
[White "Massakru"]
[Black "BigAl"]
[Result "1-0"]
[WhiteElo "2321"]
[BlackElo "2453"]
[TimeControl "180+1"]
[EndTime "11:18:09 PST"]
[Termination "Massakru won by resignation"]

1. e4 c6 2. d4 d5 3. f3 Qb6 4.
Nc3 e6 5. a3 Nd7 6. Be3 Ngf6 7.
h3 Bd6 8. Nge2 dxe4 9. fxe4 e5 10. Qd2 Qxb2 11. Ra2 Qb6 12. dxe5 Bc5 13. Bxc5 Qxc5 14.
exf6 Nxf6 15. Qd4 Qg5 16. e5 Nd7 17. Ne4 Qxe5 18. Qxe5+ Nxe5 19. Nd6+ Ke7 20. Nxc8+ Raxc8 21. Rb2 b6 22. g3 Rhe8 23. Bg2 Kf8 24. Kf2 Nc4 25.
Rb3 Re5 26. Rc3 b5 27. Nd4 Rd8 28. Rd1 Rd6 29. Bxc6 Rf5+ 30. Nxf5 Rxd1 31. Bxb5 Rd5 32. Bxc4 Rxf5+ 33. Ke3 g6 34. Bb3 h5 35. Rc7 a5 36. a4 Kg7 37. g4 hxg4 38. hxg4 Rf6 39. g5 Rf1 40. Kd4 Kf8 41. Kc5 Rf5+ 42. Kb6 Ke8 43.
Rxf7 Rxg5 44. Rg7 Kf8 45. Rf7+ Ke8 46. Rc7 Re5 47. Bf7+ Kd8 48. Rc6 g5 49. Be6 Ke7 50. Bg4 Re4 51. Bf3 Rf4 52. Bd5 Rxa4 53. c4 g4 54. Rg6 Ra1 55. Rxg4 a4 56. Kb5 a3 57. Ka4 a2 58. Rg2 Kd6 59. Rb2 Kc5 60. Ka3 Rc1 61.
Kxa2 Kd4 62. Kb3 Kc5 63. Rc2 Rb1+ 64. Kc3 Ra1 65. Rb2 Ra3+ 66. Kd2 Kd4 67. Rc2 Rh3 68. Kc1 Ra3 69. Kb2 Ra5 70. Bc6 Rc5 71. Bb5 Kd3 72.
Kb3 Kd4 73. Kb4 Rc8 74. Rd2+ Ke3 75. Rd7 Ra8 76. c5 Ra1 77. c6 Rb1+ 78. Kc5 Rc1+ 79.
Kb6 Ke4 80. c7 Ke5 81. Bc6 Ra1 82. c8=Q Rb1+ 83. Kc7 Rf1 84. Qe8+ Kf6 85. Rf7+ 1-0

[Event "*** Titled Tuesday Blitz"]
[Site "Chess.com"]
[Date "2020.12.01"]
[Round "7"]
[White "KonstantinB_1983"]
[Black "dpopadic"]
[Result "1/2-1/2"]
[WhiteElo "2505"]
[BlackElo "2404"]
[TimeControl "180+1"]
[EndTime "11:18:14 PST"]
[Termination "Game drawn by repetition"]

1. Nf3 Nf6 2. c4 g6 3. b4 Bg7 4.
Bb2 O-O 5. g3 d6 6. Bg2 Nc6 7.
b5 Nb8 8. O-O e5 9. d3 Nbd7 10.
a4 Nc5 11. Nc3 Rb8 12. Nd2 h6 13. Nb3 Nxb3 14. Qxb3 Be6 15. Qc2 Qd7 16. Rfd1 Bh3 17. Bh1 Rfe8 18. a5 c6 19. a6 cxb5 20. axb7 bxc4 21. dxc4 Rxb7 22. Bxb7 Qxb7 23. e4 Bf8 24. Ba3 Qc6 25. Nd5 Nxd5 26. Rxd5 Be6 27. Rdd1 Rc8 28. Rac1 h5 29. Qd3 h4 30. c5 dxc5 31. Qe3 hxg3 32. hxg3 a6 33. Rc3 Kh7 34. Qf3 Kg8 35. Rdc1 c4 36. Bxf8 Rxf8 37. Qf6 Qxe4 38. Re3 Qd4 39. Rxe5 Qd2 40. Ra1 Qd6 41. Re3 Qc6 42. Rea3 Qd5 43. Re3 Bh3 44. Qf3 Qxf3 45. Rxf3 Ra8 46. Rc3 Be6 47. Ra5 Ra7 48. f4 Kg7 49. Kf2 Kf6 50. Ke3 Ra8 51. Kd4 Rd8+ 52. Ke4 Bf5+ 53. Ke3 Re8+ 54.
Kf2 Bd3 55. Rxa6+ Kf5 56. Ra5+ Kf6 57. Ra6+ Kf5 58. Ra5+ Kf6 59. Rc1 Re2+ 60. Kf3 Rb2 61. g4 Rb7 62. Ra6+ Kg7 63. Ke3 Re7+ 64. Kf3 Rd7 65. Ke3 Re7+ 66. Kf2 Re4 67. Kf3 Re7 68. Rg1 Rd7 69. Rc1 Re7 70. Rb6 Re8 71. Rb4 Re7 72. Rb6 Rd7 73. Rb5 Re7 74. Re5 Rd7 75. Ke3 Rd8 76. Re7 Rd6 77. Re5 Rd8 78. g5 Rd7 79.
Ra1 Rb7 80. Rc1 Rd7 81. Kf3 Rb7 82. Ke3 Rd7 1/2-1/2

[Event "*** Titled Tuesday Blitz"]
[Site "Chess.com"]
[Date "2020.12.01"]
[Round "7"]
[White "Andreikka"]
[Black "Karacsonyi_Gellert"]
[Result "1/2-1/2"]
[WhiteElo "2868"]
[BlackElo "2672"]
[TimeControl "180+1"]
[EndTime "11:18:35 PST"]
[Termination "Game drawn by repetition"]

1. c4 Nf6 2. Nc3 e6 3. e4 d5 4. cxd5 exd5 5. e5 d4 6. exf6 dxc3 7. Nf3 Qxf6 8. dxc3 Bd6 9. Bg5 Qg6 10. Bd3 Bf5 11. Qe2+ Kf8 12. Bxf5 Qxf5 13. O-O h6 14. Be3 Nc6 15.
b4 Re8 16. b5 Ne5 17. Nd4 Qg4 18. Qc2 Nc4 19. Rae1 g6 20. h3 Qd7 21. Bc1 Kg7 22. Qb3 Ne5 23. Re3 c5 24. bxc6 Nxc6 25. Rd3 Nxd4 26.
cxd4 Re7 27. d5 Rhe8 28. Bb2+ Kh7 29. Rdd1 Be5 30. d6 Re6 31. Bxe5 Rxe5 32. Rd2 Rb5 33. Qa4 a6 34. Rfd1 Rd8 35. Qe4 Qf5 36. Qe7 Rd7 37. Qf8 Qf6 38. Re2 Re5 39. Rc2 Qg7 40. Qb8 Re6 41.
Rcd2 Qe5 42. g3 Qh8 43. Qa7 Qe5 44. Qb6 Qb5 45. Qa7 Qe5 46. h4 Rexd6 47. Rxd6 Rxd6 48.
Rxd6 Qxd6 49. Qxb7 Qe6 50. a4 h5 51. a5 Qe1+ 52. Kg2 Qe6 53. Qb6 Qe4+ 54. Kh2 Qf3 55. Kg1 Qd1+ 56. Kg2 Qd5+ 57. Kf1 Qd1+ 58. Kg2 Qd5+ 59.
Kh2 Qf3 60. Qa7 Qf5 61. Kg1 Qb1+ 62. Kh2 Qf5 63. Qb6 Kg7 64. Kg2 Qe4+ 65. Kf1 Qd3+ 66.
Ke1 Qe4+ 67. Kd2 Qd5+ 68. Kc3 Qf3+ 69. Kb4 Qe4+ 70. Kc5 Qf5+ 71. Kd6 Qe6+ 72. Kc7 Qe7+ 73. Kb8 Qe8+ 74. Ka7 Qd7+ 75. Kxa6 Qc8+ 76. Ka7 Qd7+ 77.
Kb8 Qe8+ 78. Kb7 Qd7+ 79. Qc7 Qb5+ 80. Ka7 Qb4 81. a6 Qd4+ 82. Kb7 Qb4+ 83. Kc8 Qa4 84.
a7 Qe8+ 85. Kb7 Qb5+ 86. Qb6 Qd7+ 87. Ka6 Qa4+ 88. Kb7 Qd7+ 89. Qc7 Qb5+ 90. Kc8 Qe8+ 91. Qd8 Qc6+ 92. Kb8 Qb5+ 93. Kc7 Qc5+ 94. Kb7 Qb5+ 95.
Qb6 Qd7+ 1/2-1/2

[Event "*** Titled Tuesday Blitz"]
[Site "Chess.com"]
[Date "2020.12.01"]
[Round "7"]
[White "sara_khm"]
[Black "NiranjanNavalgund"]
[Result "1-0"]
[WhiteElo "2583"]
[BlackElo "2437"]
[TimeControl "180+1"]
[EndTime "11:19:08 PST"]
[Termination "sara_khm won by resignation"]

1. Nf3 Nf6 2. e3 g6 3. g3 Bg7 4. Bg2 O-O 5. O-O c5 6. d3 b6 7.
Nbd2 Bb7 8. e4 d6 9. c3 Nbd7 10. Re1 Qc7 11. Nc4 b5 12. Ne3 a6 13. a4 Bc6 14. axb5 axb5 15. Rxa8 Rxa8 16. Nd2 Ne5 17. Qe2 h5 18. h3 Ned7 19. f4 e6 20. Nf3 c4 21.
Nd4 cxd3 22. Qxd3 Nc5 23. Qd1 Bxe4 24. Nxb5 Qc6 25. Nd4 Qb7 26. Bf1 Ra1 27. b4 Na4 28.
Nb5 Ne8 29. Qb3 d5 30. Bd2 Rxe1 31. Bxe1 Nb6 32. Bf2 h4 33. g4 Qb8 34. Ng2 Nc4 35. Bxc4 dxc4 36. Qxc4 Bd5 37. Qe2 Bxg2 38. Kxg2 Qxf4 39.
Bxh4 Nf6 40. Bxf6 Bxf6 41. Qf3 Qd2+ 42. Kf1 Kg7 43. Qe2 Qc1+ 44. Kg2 Bxc3 45. Nxc3 Qxc3 46. b5 Qc5 47. Qd3 Qb6 48. Qc3+ Kh7 49. Qc6 Qe3 50. Qf3 Qd2+ 51. Qf2 Qd5+ 52. Qf3 Qd2+ 53. Kg3 Qd6+ 54.
Qf4 Qd3+ 55. Kf2 Qc2+ 56. Kg1 Qd1+ 57. Qf1 Qd4+ 58. Qf2 Qd1+ 59. Kh2 Qb3 60. Qxf7+ Kh8 61. Qf8+ Kh7 62. Qe7+ Kh8 63. Qh4+ Kg8 64. Qd8+ Kh7 65. Qc7+ Kh6 66. b6 Qb2+ 67. Kg3 Qb3+ 68. Kf2 Qb2+ 69. Ke3 Qb3+ 70. Ke4 Qd5+ 71. Ke3 Qb3+ 72. Kd2 Qb2+ 73. Kd3 Qb3+ 74. Kd4 Qb4+ 75. Ke5 Qb5+ 76. Kxe6 Qe2+ 77. Kd7 Qd3+ 78. Kc8 Qa6+ 79. b7 g5 80. Qd7 Qc4+ 81. Qc7 Qa6 82. Kb8 Kg6 83. Qd7 Kh6 84. Qf5 Qd6+ 85.
Kc8 Qc6+ 86. Kb8 Qd6+ 87. Ka7 Qa3+ 88. Kb6 Qd6+ 89. Kb5 Qc7 90. Qd5 Qb8 91. Qc6+ Kh7 92. Qd7+ Kh6 93. Qc8 Qe5+ 94. Kb6 Qb2+ 95. Kc7 Qe5+ 96.
Kc6 Qe4+ 97. Kb6 Qb4+ 98. Ka7 Qa5+ 99. Kb8 Qe5+ 100. Qc7 Qe8+ 101. Ka7 Qa4+ 102. Kb6 Qb4+ 103. Kc6 Qc4+ 104. Kd7 Qd5+ 105. Qd6+ Qxd6+ 106. Kxd6 1-0

[Event "*** Titled Tuesday Blitz"]
[Site "Chess.com"]
[Date "2020.12.01"]
[Round "7"]
[White "Oleksandr_Bortnyk"]
[Black "Hikaru"]
[Result "0-1"]
[WhiteElo "2883"]
[BlackElo "3187"]
[TimeControl "180+1"]
[EndTime "11:19:12 PST"]
[Termination "Hikaru won by resignation"]

1. e4 g6 2. d4 Bg7 3. Nc3 a6 4. a4 d6 5. g3 b6 6. Bg2 Bb7 7. Nge2 c5 8. O-O cxd4 9. Nxd4 Nd7 10. Re1 Qc8 11. f4 e5 12. Nb3 Qc7 13. Be3 Ngf6 14. Qd2 Ng4 15. Rad1 Ke7 16. h3 Nxe3 17. Rxe3 Rhd8 18.
Rd3 Nc5 19. Nd5+ Bxd5 20. Rxd5 Nxa4 21. c3 b5 22. fxe5 Bxe5 23. Qg5+ Kf8 24. R5d2 Kg7 25.
Nd4 Nc5 26. h4 Kh8 27. Rf1 f6 28. Qe3 Re8 29. Ne2 Qb6 30. Kh1 Rab8 31. Rdd1 Na4 32.
Qd2 b4 33. cxb4 Nxb2 34. Rb1 Qxb4 35. Qh6 Qc4 36. Nf4 Qf7 37. Nd5 a5 38. Qd2 a4 39. Bh3 a3 40. Nxf6 Bxf6 41. Qxd6 Rf8 42. Qxa3 Nc4 43. Qc5 Rxb1 44. Rxb1 Ne5 45. Qd5 Qxd5 46.
exd5 Rd8 47. Be6 Nc4 48. Rf1 Be5 49. Kh2 Nd6 50. Re1 Bf6 51. Kh3 Rb8 52. Re3 Kg7 53.
Ra3 Be5 54. Re3 Bd4 55. Rd3 Bc5 56. Rc3 Rb5 57. Rf3 Ra5 58. Rc3 h5 59. Rb3 Ra3 60.
Rxa3 Bxa3 61. g4 Kh6 62. gxh5 gxh5 63. Kg3 Bc1 64. Kh3 Bd2 65. Bd7 Be1 66. Be6 Kg6 67. Bd7 Kh6 68. Be6 Bf2 69. Bd7 Ne4 70. Bf5 Nc5 71. d6 Nb7 72. d7 Nd8 73. Be4 Bb6 74. Bf3 Bc7 75. Bd5 Kg6 76. Kg2 Bd6 77. Kh3 Kf5 78.
Bf3 Kg6 79. Be4+ Kh6 80. Bd5 Be5 81. Kg2 Bf6 82. Kh3 Be7 83. Kg3 Kg6 84. Kh3 Kf5 85. Bf3 Ne6 86. Kg3 Nf4 87. Bd1 Bd8 88. Bf3 Bc7 89. Bd1 Nd3+ 90. Kg2 Kf6 91. Bf3 Ke7 92.
Kg1 Nf4 93. Bc6 Kd6 94. Ba4 Bd8 95. Kf2 Bxh4+ 96. Kf3 Ne6 97. Bd1 Bd8 98. Ke4 h4 99. Bg4 Nc5+ 100. Kf3 Ke5 101. Kg2 Kf4 102. Bh3 Nd3 103. Kg1 Kg3 104. Bf5 Nf4 105. Kf1 Kf3 106. Kg1 Bb6+ 107. Kh2 Kf2 108. Bg4 Bc7 109. Bf5 Kf3 110. Bc2 Nd5+ 111. Kh3 Bd8 112. Bf5 Ne3 113. Be6 Kf4 114. Bb3 Ng4 115.
Be6 Nf6 116. Kh2 Ne4 117. Bh3 Ng5 118. Kg2 Ke5 119. Bg4 Bc7 120. Bd1 h3+ 121. Kh1 Kf6 122. Bg4 Ke7 123. Bf5 h2 124. Bg4 Ne4 125. Kg2 Nf2 126. Kxf2 h1=Q 0-1

[Event "*** Titled Tuesday Blitz"]
[Site "Chess.com"]
[Date "2020.12.01"]
[Round "8"]
[White "alexsuper1987"]
[Black "Andro2"]
[Result "1-0"]
[WhiteElo "2325"]
[BlackElo "2375"]
[TimeControl "180+1"]
[EndTime "11:21:25 PST"]
[Termination "alexsuper1987 won by resignation"]

1. e4 c6 2. d4 d5 3. Nc3 dxe4 4. Nxe4 Bf5 5. Ng3 Bg6 6. Nh3 Nf6 7. Nf4 e5 8. dxe5 Qa5+ 9. c3 Qxe5+ 10. Be2 Nbd7 11.
O-O O-O-O 12. Qa4 Bc5 13. Nxg6 hxg6 14. Bf4 Qe7 15. Qxc6+ 1-0

[Event "*** Titled Tuesday Blitz"]
[Site "Chess.com"]
[Date "2020.12.01"]
[Round "8"]
[White "Manukyan_Artak"]
[Black "Matols"]
[Result "1-0"]
[WhiteElo "2368"]
[BlackElo "2226"]
[TimeControl "180+1"]
[EndTime "11:21:52 PST"]
[Termination "Manukyan_Artak won by resignation"]

1. e4 e6 2. d4 d5 3. e5 c5 4. c3 Qb6 5. Nf3 Nc6 6. a3 Nh6 7. b4 cxd4 8. cxd4 Nf5 9. Bb2 Bd7 10. g4 Nfe7 11. Nc3 Na5 12. Na4 Bxa4 13. Qxa4+ Nac6 14. Rc1 Ng6 15. b5 Na5 16. Bc3 Nc4 17. Bxc4 dxc4 18. Ba5 1-0

[Event "*** Titled Tuesday Blitz"]
[Site "Chess.com"]
[Date "2020.12.01"]
[Round "8"]
[White "maxip32"]
[Black "emiliochess"]
[Result "0-1"]
[WhiteElo "2482"]
[BlackElo "2360"]
[TimeControl "180+1"]
[EndTime "11:22:16 PST"]
[Termination "emiliochess won by resignation"]

1. e4 c6 2. d4 d5 3. e5 Bf5 4.
h4 h6 5. g4 Be4 6. f3 Bg6 7. e6 Qd6 8. exf7+ Bxf7 9. Ne2 Nd7 10. Nbc3 e5 11. dxe5 Nxe5 12. Bg2 O-O-O 13. Bf4 Re8 14.
Qd2 Qb4 15. O-O-O Nc4 0-1

[Event "*** Titled Tuesday Blitz"]
[Site "Chess.com"]
[Date "2020.12.01"]
[Round "8"]
[White "Omk124"]
[Black "coco_crc"]
[Result "1-0"]
[WhiteElo "2316"]
[BlackElo "2184"]
[TimeControl "180+1"]
[EndTime "11:22:17 PST"]
[Termination "Omk124 won by resignation"]

1. e4 e5 2. Nf3 Nc6 3. Bc4 Nf6 4. d3 Bc5 5. c3 d6 6. b4 Bb6 7. a4 a6 8. O-O O-O 9. Nbd2 Be6 10. Qb3 Bxc4 11. Nxc4 Ba7 12. b5 Ne7 13. Ba3 Ng6 14. b6 Bb8 15. bxc7 Bxc7 16. Qxb7 Nf4 17. d4 Ne2+ 18.
Kh1 Nxc3 19. dxe5 Ng4 20. exd6 1-0

[Event "*** Titled Tuesday Blitz"]
[Site "Chess.com"]
[Date "2020.12.01"]
[Round "8"]
[White "googlegoom"]
[Black "ajkom197"]
[Result "1/2-1/2"]
[WhiteElo "2446"]
[BlackElo "2335"]
[TimeControl "180+1"]
[EndTime "11:22:21 PST"]
[Termination "Game drawn by repetition"]

1. Nf3 d5 2. b3 Nf6 3. Bb2 Bf5 4. e3 e6 5. Be2 Nbd7 6. O-O Bd6 7. d4 O-O 8. Nbd2 a5 9. c4 c6 10. a3 Qe7 11. Qc1 Rfe8 12. Bc3 h6 13. Qb2 Ne4 14. Nxe4 Bxe4 15. Nd2 Bh7 16. b4 axb4 17. axb4 Nf6 18. b5 Ne4 19. Nxe4 Bxe4 20. c5 Bc7 21. b6 Rxa1 22.
Rxa1 Bb8 23. f3 Qh4 24. fxe4 Qxh2+ 25. Kf1 Qh1+ 26. Kf2 Qh4+ 27. Kf1 Qh1+ 28. Kf2 Qh4+ 29. Kf1 Qh1+ 1/2-1/2

[Event "*** Titled Tuesday Blitz"]
[Site "Chess.com"]
[Date "2020.12.01"]
[Round "8"]
[White "beto-betun"]
[Black "CakeinSpace2002"]
[Result "0-1"]
[WhiteElo "2196"]
[BlackElo "2365"]
[TimeControl "180+1"]
[EndTime "11:22:30 PST"]
[Termination "CakeinSpace2002 won by resignation"]

1. d4 c5 2. Nf3 cxd4 3. Nxd4 g6 4. g3 Bg7 5. Bg2 Nc6 6. Nxc6 bxc6 7. O-O Nf6 8. c4 O-O 9. Nc3 Rb8 10. Qc2 Qa5 11.
Bd2 Qh5 12. b3 d5 13. cxd5 cxd5 14. Qd3 Bf5 15. Qf3 Bg4 16. Qd3 Bh3 17. Bf3 Bg4 18. Bg2 Rfd8 19. Bf4 e5 20. Bc1 d4 21. Ne4 Bxe2 22.
Nxf6+ Bxf6 23. Qc4 Bxc4 0-1

[Event "*** Titled Tuesday Blitz"]
[Site "Chess.com"]
[Date "2020.12.01"]
[Round "8"]
[White "PelinGorki"]
[Black "GelmanAlexander"]
[Result "0-1"]
[WhiteElo "2420"]
[BlackElo "2575"]
[TimeControl "180+1"]
[EndTime "11:22:32 PST"]
[Termination "GelmanAlexander won by resignation"]

1. e4 c5 2. a3 Nc6 3. b4 cxb4 4. axb4 Nxb4 5. d4 d5 6. c3 Nc6 7. exd5 Qxd5 8. Na3 Nf6 9. Nf3 Bg4 10. Be2 e6 11. Nb5 Qd8 12. Bf4 Nd5 13. Bd2 a6 14. Qa4 Nb6 0-1

[Event "*** Titled Tuesday Blitz"]
[Site "Chess.com"]
[Date "2020.12.01"]
[Round "8"]
[White "RobPeresian"]
[Black "Keures"]
[Result "1-0"]
[WhiteElo "2443"]
[BlackElo "2252"]
[TimeControl "180+1"]
[EndTime "11:22:33 PST"]
[Termination "RobPeresian won by resignation"]

1. Nf3 Nf6 2. c4 e6 3. Nc3 c5 4. g3 b6 5. Bg2 Bb7 6. O-O Be7 7. Re1 d5 8. cxd5 exd5 9. d4 O-O 10. Bg5 Nbd7 11. dxc5 bxc5 12. e3 h6 13. Bxf6 Nxf6 14.
b3 Ne4 15. Nxe4 dxe4 16. Nd2 f5 17. Qc2 Rc8 18. Red1 Qe8 19. Rac1 Qf7 20. Qc4 Qxc4 21.
Nxc4 Rfd8 22. Bf1 Rxd1 23. Rxd1 Rd8 24. Rxd8+ Bxd8 25. Nd6 Bd5 26. Nxf5 Bc7 27. Ne7+ 1-0

[Event "*** Titled Tuesday Blitz"]
[Site "Chess.com"]
[Date "2020.12.01"]
[Round "8"]
[White "underdogchss"]
[Black "reniite"]
[Result "1-0"]
[WhiteElo "2360"]
[BlackElo "2008"]
[TimeControl "180+1"]
[EndTime "11:22:34 PST"]
[Termination "underdogchss won by resignation"]

1. d4 Nf6 2. Nf3 e6 3. c4 b6 4. g3 Ba6 5. b3 c5 6. Bg2 Bb7 7. d5 exd5 8. Ng5 h6 9. Nh3 Qe7 10. O-O g6 11. Bb2 Bg7 12. cxd5 d6 13. Nc3 O-O 14.
e4 Nbd7 15. f4 b5 16. e5 dxe5 17. d6 1-0

[Event "*** Titled Tuesday Blitz"]
[Site "Chess.com"]
[Date "2020.12.01"]
[Round "8"]
[White "MikeSailer"]
[Black "tylityli"]
[Result "0-1"]
[WhiteElo "2153"]
[BlackElo "2325"]
[TimeControl "180+1"]
[EndTime "11:22:37 PST"]
[Termination "tylityli won by resignation"]

1. d4 Nf6 2. Nf3 d5 3. Bf4 c5 4. e3 Nc6 5. Be2 Qb6 6. Nc3 a6 7. O-O cxd4 8. exd4 Bf5 9. Rb1 e6 10. h3 h6 11. Re1 Be7 12. Ne5 O-O 13. Nxc6 bxc6 14.
Na4 Qa5 15. c3 Bxb1 16. Qxb1 Qxa4 0-1

[Event "*** Titled Tuesday Blitz"]
[Site "Chess.com"]
[Date "2020.12.01"]
[Round "8"]
[White "ObidObad"]
[Black "Oglob71"]
[Result "0-1"]
[WhiteElo "2303"]
[BlackElo "2435"]
[TimeControl "180+1"]
[EndTime "11:22:41 PST"]
[Termination "Oglob71 won by resignation"]

1. Nc3 d5 2. e4 dxe4 3. Nxe4 Nf6 4. d3 Nxe4 5. dxe4 Qxd1+ 6. Kxd1 e5 7. c3 f6 8. Be3 Nd7 9. Kc2 Bc5 10. Bxc5 Nxc5 11.
f3 Be6 12. b4 Nd7 13. Bb5 c6 14. Ba4 a5 15. Bb3 Bxb3+ 16. axb3 Ke7 17. bxa5 b6 18. Ne2 bxa5 19. Ra3 Rhb8 20. Rha1 Nc5 21. Rxa5 Rxa5 22. Rxa5 Nxb3 23. Ra7+ Kf8 24. Ng3 Nc5 25. Nf5 Ne6 26.
h4 h5 27. g3 Rc8 28. Nd6 Rc7 29. Nf5 Rxa7 30. Ne3 Ra2+ 31. Kb3 Rf2 0-1

[Event "*** Titled Tuesday Blitz"]
[Site "Chess.com"]
[Date "2020.12.01"]
[Round "8"]
[White "Gulkov_Igor"]
[Black "German_Bazeev"]
[Result "1/2-1/2"]
[WhiteElo "2515"]
[BlackElo "2715"]
[TimeControl "180+1"]
[EndTime "11:22:47 PST"]
[Termination "Game drawn by agreement"]

1. Nf3 Nf6 2. c4 g6 3. Nc3 Bg7 4. e4 O-O 5. d4 d6 6. Be2 Na6 7. Bf4 Bg4 8. h3 Bxf3 9. Bxf3 Nd7 10. Qd2 c5 11. d5 Nc7 12. Be2 e5 13. dxe6 Nxe6 14.
Bxd6 Re8 15. O-O Ne5 16. Rad1 Nd4 17. Bxc5 Nec6 1/2-1/2

[Event "*** Titled Tuesday Blitz"]
[Site "Chess.com"]
[Date "2020.12.01"]
[Round "8"]
[White "WelshTiger"]
[Black "Ranindu2003"]
[Result "0-1"]
[WhiteElo "2459"]
[BlackElo "2600"]
[TimeControl "180+1"]
[EndTime "11:22:55 PST"]
[Termination "Ranindu2003 won by resignation"]

1. e4 c5 2. Nf3 Nc6 3. Bb5 g6 4. Bxc6 dxc6 5. h3 Bg7 6. d3 Qc7 7. Nc3 e5 8. Be3 b6 9. Qd2 h6 10. O-O Ne7 11. Rae1 Be6 12. Nh2 g5 13. Qe2 Ng6 14.
Qf3 O-O-O 15. Ng4 h5 16. Nf6 Nh4 17. Qg3 Bxf6 18. Bxg5 Bxg5 19. Qxg5 Nf3+ 20. gxf3 Rdg8 21. h4 Rxg5+ 22. hxg5 Qe7 23. Kh2 Qxg5 24. Ne2 Qh4+ 25. Kg1 Qh3 26. Ng3 h4 0-1

[Event "*** Titled Tuesday Blitz"]
[Site "Chess.com"]
[Date "2020.12.01"]
[Round "8"]
[White "LastHeroJr"]
[Black "FearNoEvil12"]
[Result "1-0"]
[WhiteElo "2384"]
[BlackElo "2173"]
[TimeControl "180+1"]
[EndTime "11:23:01 PST"]
[Termination "LastHeroJr won by resignation"]

1. e4 a6 2. d4 b5 3. Bd3 Bb7 4. Nf3 e6 5. O-O Nf6 6. Re1 d6 7. Nbd2 Nbd7 8. Nf1 h6 9. Ng3 g5 10. e5 Nd5 11. Nh5 g4 12. exd6 cxd6 13. Nd2 Qh4 14. Ng3 h5 15. a4 bxa4 16. Be4 N7f6 17. c4 Nxe4 18. Ndxe4 Qd8 19. cxd5 Bxd5 20. Qxa4+ Ke7 21. Bg5+ 1-0

[Event "*** Titled Tuesday Blitz"]
[Site "Chess.com"]
[Date "2020.12.01"]
[Round "8"]
[White "Twannibal"]
[Black "Kaslask"]
[Result "1-0"]
[WhiteElo "2483"]
[BlackElo "2330"]
[TimeControl "180+1"]
[EndTime "11:23:04 PST"]
[Termination "Twannibal won by resignation"]

1. e4 c5 2. Nf3 Nc6 3. Bb5 e6 4. O-O Nge7 5. d4 cxd4 6. Nxd4 a6 7. Be2 Ng6 8. Nc3 Qc7 9. Kh1 Be7 10. f4 Nxd4 11.
Qxd4 O-O 12. f5 Bf6 13. Qf2 Ne5 14. Bf4 d6 15. a4 Bd7 16. Qg3 Kh8 17. Bg5 Qd8 18.
Bxf6 gxf6 19. Rad1 Qe7 20. Qh4 Rac8 21. Ra1 Rc5 22.
Ra3 Rcc8 23. Nd5 exd5 24. Rh3 1-0

[Event "*** Titled Tuesday Blitz"]
[Site "Chess.com"]
[Date "2020.12.01"]
[Round "8"]
[White "Dreamer_01"]
[Black "mr65"]
[Result "1-0"]
[WhiteElo "2356"]
[BlackElo "2178"]
[TimeControl "180+1"]
[EndTime "11:23:05 PST"]
[Termination "Dreamer_01 won by resignation"]

1. d4 Nf6 2. Nc3 d5 3. f3 c5 4.
e3 cxd4 5. exd4 Nc6 6. Bb5 a6 7. Bxc6+ bxc6 8. Nge2 Bf5 9. Be3 e6 10. O-O Bd6 11. Na4 O-O 12. Bf4 Rb8 13. b3 Bxf4 14.
Nxf4 Qd6 15. Nd3 Bxd3 16. Qxd3 Nd7 17. Qxa6 Rfc8 18. Kh1 Qa3 19. h3 Ra8 20. Qe2 c5 21. dxc5 Nxc5 22. Nb6 Nd7 23. Nxd7 1-0

[Event "*** Titled Tuesday Blitz"]
[Site "Chess.com"]
[Date "2020.12.01"]
[Round "8"]
[White "champ2005"]
[Black "PSvidler"]
[Result "1-0"]
[WhiteElo "3024"]
[BlackElo "2862"]
[TimeControl "180+1"]
[EndTime "11:23:10 PST"]
[Termination "champ2005 won by resignation"]

1. c4 g6 2. Nc3 c5 3. g3 Bg7 4. Bg2 Nc6 5. Nf3 d6 6. O-O Rb8 7. d3 Nf6 8. Rb1 O-O 9. a3 Bd7 10. b4 b6 11. Bd2 h6 12. b5 Ne5 13. Nxe5 dxe5 14. a4 Ne8 15. a5 Nd6 16. axb6 axb6 17. Qc2 h5 18. Bg5 Bf6 19. Bxf6 exf6 20. Ra1 f5 21. Ra7 Kg7 22. Nd5 Be6 23. Qb2 Bxd5 24. Qxe5+ Qf6 25. Qxf6+ Kxf6 26. Bxd5 h4 27. Rfa1 hxg3 28.
hxg3 Rfe8 29. e3 g5 30. Rc7 Rec8 31. Rd7 Re8 1-0

[Event "*** Titled Tuesday Blitz"]
[Site "Chess.com"]
[Date "2020.12.01"]
[Round "8"]
[White "dosto07"]
[Black "Juanovic"]
[Result "1-0"]
[WhiteElo "2302"]
[BlackElo "2167"]
[TimeControl "180+1"]
[EndTime "11:23:15 PST"]
[Termination "dosto07 won by resignation"]

1. e4 c5 2. Nf3 d6 3. Bb5+ Nd7 4. c3 a6 5. Ba4 b5 6. Bc2 e5 7. O-O Ngf6 8. d4 Qc7 9. a4 Bb7 10. Re1 Be7 11. Bg5 h6 12. Bh4 Nf8 13. axb5 axb5 14. Rxa8+ Bxa8 15. Na3 Bc6 16. Qe2 Qb7 17. dxe5 dxe5 18.
Nxe5 Ng6 19. Nxc6 Qxc6 20. Bxf6 Bxf6 21. Qxb5 Qxb5 22. Nxb5 O-O 23. Na3 Ne5 24. f4 Nc6 25. Nc4 Rb8 26. e5 Be7 27. Be4 Na7 28. Rd1 Nb5 29. Rd7 Bf8 30. Bd5 1-0